 Dungeon Crawl Stone Soup version 0.23.2-1-ga50397a6bc (webtiles) character file.

Game seed: 7276822198469189150

18024 Peloso the Carver (level 12, -4/106 HPs)
             Began as a Minotaur Fighter on Apr 14, 2019.
             Was a High Priest of Okawaru.
             Slain by a death yak (8 damage)
             ... while petrified by you
             ... on level 3 of the Lair of Beasts.
             The game lasted 00:35:54 (14695 turns).

Peloso the Carver (Minotaur Fighter)               Turns: 14695, Time: 00:35:55

Health: -4/106     AC: 19    Str: 24    XL:     12   Next: 24%
Magic:  11/11      EV:  2    Int:  5    God:    Okawaru [*****.]
Gold:   573        SH:  0    Dex: 12    Spells: 11/11 levels left

rFire    . . .     SeeInvis .   a - +1 demon blade (drain)
rCold    + . .     Gourm    .   c - +0 shield
rNeg     + + +     Faith    .   K - +2 chain mail {rC+}
rPois    ∞         Spirit   .   (helmet restricted)
rElec    .         Reflect  .   h - +2 cloak
rCorr    .         Harm     .   (no gloves)
MR       +....                  C - +0 pair of boots
Stlth    ..........             (no amulet)
HPRegen  0.27/turn              (no ring)
MPRegen  0.12/turn              y - ring of protection from magic

@: petrified
A: retaliatory headbutt, horns 2
a: Heroism, Finesse, Renounce Religion


You were on level 3 of the Lair of Beasts.
You worshipped Okawaru.
Okawaru was extremely pleased with you.
You were very hungry.

You visited 3 branches of the dungeon, and saw 15 of its levels.
You also visited: Ossuary.

You collected 762 gold pieces.
You spent 189 gold pieces at shops.

Inventory:

Hand Weapons
 a - a +1 demon blade of draining (weapon)
 b - the +1 scimitar of the Fray {pain, rN+}
   (Okawaru gifted it to you on level 2 of the Lair of Beasts)

   In the hands of one skilled in necromantic magic, it inflicts extra damage on
   living creatures.
   It protects you from negative energy.
 A - a +2 whip of flaming
 I - the +5 hunting sling "Newtslayer" {velocity, Str+2 Dex+2}
   (You found it on level 8 of the Dungeon)

   Any stone fired from it inflicts extra damage.
   It affects your strength (+2).
   It affects your dexterity (+2).
Missiles
 M - 39 sling bullets
Armour
 c - a +0 shield (worn)
 h - a +2 cloak (worn)
 C - a +0 pair of boots (worn)
 K - a +2 chain mail of cold resistance (worn)
Jewellery
 j - a +2 ring of evasion
 t - a +5 ring of protection {unknown}
 y - a ring of protection from magic (right hand)
 L - an uncursed ring of see invisible
Wands
 p - a wand of paralysis (5)
 r - a wand of digging (1)
Scrolls
 e - 3 scrolls of identify
 l - a scroll of enchant weapon {unknown}
 n - 2 scrolls of teleportation
 o - 2 scrolls of blinking
 s - 8 scrolls of remove curse
 u - 3 scrolls of noise
 x - 2 scrolls of magic mapping
 D - 2 scrolls of fear
Potions
 d - 3 potions of might
 g - 3 potions of heal wounds
 i - 9 potions of curing
 k - a potion of invisibility
 m - 4 potions of degeneration {unknown}
 q - 4 potions of mutation {unknown}
 v - a potion of lignification {unknown}
 w - a potion of haste {unknown}
 z - 3 potions of resistance {unknown}
 F - a potion of agility
 H - 2 potions of ambrosia {unknown}
 J - a potion of cancellation {unknown}
Comestibles
 f - 32 rations


   Skills:
 + Level 10.1 Fighting
 + Level 13.4 Long Blades
 + Level 0.1 Maces & Flails
 + Level 1.0 Slings
 + Level 11.5 Armour
 + Level 5.6 Dodging
 + Level 2.0 Stealth
 + Level 12.0 Shields
 + Level 1.0 Invocations
 + Level 1.2 Evocations


You had 11 spell levels left.
You didn't know any spells.
Your spell library contained the following spells:

 Spells                   Type           Power        Failure   Level  Hunger
 Beastly Appendage        Tmut           #.....       98%         1    ##.....
 Corpse Rot               Necr           N/A          99%         2    ###....
 Sticks to Snakes         Tmut           #.......     99%         2    ###....
 Spider Form              Tmut/Pois      #.........   100%        3    ####...
 Stone Arrow              Conj/Erth      #.....       100%        3    ####...
 Ice Form                 Ice/Tmut       #.......     100%        4    #####..
 Leda's Liquefaction      Hex/Erth       #.........   100%        4    #####..
 Blade Hands              Tmut           #.........   100%        5    ######.
 Bolt of Magma            Conj/Fire/Erth #.........   100%        5    ######.
 Iskenderun's Battlesphe  Conj/Chrm      #.......     100%        5    ######.
 Summon Forest            Summ/Tloc      #.........   100%        5    ######.
 Venom Bolt               Conj/Pois      #.........   100%        5    ######.
 Hydra Form               Tmut           #.........   100%        6    #######
 Iron Shot                Conj/Erth      #.........   100%        6    #######
 Orb of Destruction       Conj           #.........   100%        7    #######
 Spellforged Servitor     Conj/Summ      #.........   100%        7    #######
 Summon Hydra             Summ           #.........   100%        7    #######


Dungeon Overview and Level Annotations

Branches:
Dungeon (11/15)            Temple (1/1) D:5            Lair (3/6) D:10
  Swamp: Lair:2-4    Shoals: Lair:2-4     Snake: Lair:2-4    Spider: Lair:2-4
    Orc: D:9-12

Altars:
Ashenzari
Cheibriados
Dithmenos
Elyvilon
Fedhas
Gozag
Hepliaklqana
Kikubaaqudgha
Makhleb
Nemelex Xobeh
Okawaru
Qazlal
Ru
Sif Muna
Trog
Uskayaw
Vehumet
Wu Jian
Xom
Yredelemnul
Zin
The Shining One
Jiyva

Shops:
D:4 =?   D:10 %

Annotations:
Lair:2 3 runed translucent doors, Xudgha's ghost, journeyman MiFi


Innate Abilities, Weirdness & Mutations

You reflexively headbutt those who attack you in melee.
You have a pair of horns on your head.


Message History

The death yak gores you!
* * * LOW HITPOINT WARNING * * *
The death yak gores you but does no damage. x2
The catoblepas gores you.
* * * LOW HITPOINT WARNING * * *
The death yak gores you.
* * * LOW HITPOINT WARNING * * *
The death yak stops moving altogether!
The death yak gores you but does no damage.
The death yak gores you!
* * * LOW HITPOINT WARNING * * *
The death yak gores you.
The catoblepas breathes a plume of calcifying dust at you.
The blast of calcifying dust hits you but does no damage.
The blast of calcifying dust hits the death yak.
The blast of calcifying dust hits the rime drake.
The death yak gores you!
* * * LOW HITPOINT WARNING * * *
The death yak gores you!
You die...

##.#..........
#..............
...............
...............
.............
#.#F........
#..lk.......
#.#YYY......
#[..@YY..F.<
#...YYY......
.....#FF...#...
...............
...............
...............
...............
..#####P......


You could see 7 death yaks, a catoblepas, a basilisk, 4 blink frogs and a rime
drake.

Vanquished Creatures
  A hydra (Lair:2)
  The ghost of harness the Carver, a novice TeMo of Ashenzari (D:9)
  An unseen horror (D:10)
  A manticore (D:11)
  Joseph (D:9)
  A black mamba (Lair:2)
  4 spiny frogs
  A kobold demonologist (D:11)
  3 trolls
  2 slime creatures (D:6)
  5 hippogriffs
  A wyvern (D:5)
  14 yaks
  2 wraiths (Ossuary)
  A hungry ghost (D:11)
  3 basilisks (D:10)
  Grum (D:9)
  A soldier ant (D:10)
  A water moccasin (Lair:1)
  9 porcupines
  4 orc warriors
  5 ice beasts
  A phantom (D:11)
  A sky beast (D:5)
  2 black bears
  7 ogres
  2 necrophages
  12 wolves
  9 centaurs
  3 crocodiles
  6 bullfrogs
  5 big kobolds (D:6)
  7 scorpions
  11 killer bees (D:9)
  6 wights
  2 electric eels (Lair:1)
  A centaur zombie (D:9)
  A crimson imp (D:6)
  8 hounds
  11 jellies
  9 orc priests
  A bullfrog skeleton (D:11)
  3 centaur skeletons
  4 iguanas
  7 orc wizards
  6 worker ants
  A worker ant zombie (D:6)
  Robin (D:4)
  3 gnolls (D:9)
  10 adders
  2 shadow imps
  13 oozes
  2 adder zombies
  2 worms
  4 dart slugs
  5 leopard geckos
  36 orcs
  5 ball pythons
  5 giant cockroaches
  14 goblins
  10 hobgoblins
  9 jackals
  9 kobolds
  7 quokkas
  7 bats
  3 frilled lizards
  A hobgoblin skeleton (Ossuary)
  A hobgoblin zombie (Ossuary)
  A jackal zombie (D:5)
  3 kobold zombies (Ossuary)
  2 leopard gecko skeletons
  An orc skeleton (Ossuary)
  2 orc zombies (Ossuary)
  4 rats (D:1)
  A butterfly (Lair:1)
  A fungus (D:6)
353 creatures vanquished.

Vanquished Creatures (others)
  A sky beast (D:11)
  7 fungi
  6 plants
  7 toadstools (D:6)
21 creatures vanquished.

Grand Total: 374 creatures vanquished

Notes
Turn   | Place    | Note
-------+----------+-------------------------------------------
     0 | D:1      | Peloso the Minotaur Fighter began the quest for the Orb.
     0 | D:1      | Reached XP level 1. HP: 19/19 MP: 0/0
    75 | D:1      | Reached XP level 2. HP: 23/27 MP: 1/1
   255 | D:1      | Reached XP level 3. HP: 27/33 MP: 2/2
  1285 | D:2      | Reached skill level 3 in Long Blades
  1356 | D:2      | Reached XP level 4. HP: 40/40 MP: 3/3
  1658 | D:2      | Reached skill level 5 in Armour
  1676 | D:3      | Reached skill level 1 in Dodging
  1770 | D:3      | Found a faded altar of an unknown god.
  1799 | D:3      | Reached XP level 5. HP: 23/46 MP: 4/4
  2174 | D:3      | Reached skill level 4 in Long Blades
  2293 | D:4      | Reached XP level 6. HP: 49/53 MP: 5/5
  2385 | D:4      | Noticed Robin
  2396 | D:4      | Killed Robin
  2422 | D:4      | Reached skill level 5 in Shields
  2790 | D:4      | Found Pepoulae's Magic Scroll Emporium.
  2793 | D:4      | Bought a scroll of remove curse for 42 gold pieces
  2793 | D:4      | Bought a scroll of enchant armour for 105 gold pieces
  2793 | D:4      | Bought a scroll of noise for 14 gold pieces
  2793 | D:4      | Bought a scroll of identify for 28 gold pieces
  2947 | D:4      | Reached skill level 5 in Fighting
  2990 | D:4      | Reached XP level 7. HP: 46/61 MP: 6/6
  3010 | D:4      | Found Hicyrph's Jewellery Emporium.
  3215 | D:5      | Entered Level 5 of the Dungeon
  3256 | D:5      | Reached skill level 5 in Long Blades
  3366 | D:5      | Found a sand-covered staircase.
  3371 | Ossuary  | Entered an ossuary
  3659 | Ossuary  | Noticed a wraith
  3659 | Ossuary  | Noticed a flying skull
  3668 | Ossuary  | Noticed a flying skull
  3670 | Ossuary  | Noticed a flying skull
  3718 | Ossuary  | Noticed a wraith
  3729 | Ossuary  | Killed a wraith
  3729 | Ossuary  | Reached skill level 6 in Long Blades
  3729 | Ossuary  | Reached XP level 8. HP: 68/70 MP: 7/7
  4067 | D:5      | Found an ancient bone altar of Kikubaaqudgha.
  4088 | D:5      | Reached skill level 7 in Long Blades
  4099 | D:5      | Found a sacrificial altar of Ru.
  4233 | D:5      | Found a blossoming altar of Fedhas.
  4504 | D:5      | Found a staircase to the Ecumenical Temple.
  4510 | Temple   | Entered the Ecumenical Temple
  4753 | Temple   | Became a worshipper of Warmaster Okawaru
  5005 | D:6      | Reached skill level 8 in Long Blades
  5083 | D:6      | Reached XP level 9. HP: 65/78 MP: 8/8
  5169 | D:6      | Reached * piety under Okawaru
  5169 | D:6      | Reached skill level 9 in Long Blades
  5531 | D:6      | Found a glowing silver altar of Zin.
  5570 | D:6      | Reached skill level 1 in Stealth
  6130 | D:7      | Reached ** piety under Okawaru
  6132 | D:7      | Reached skill level 10 in Long Blades
  6374 | D:6      | Reached XP level 10. HP: 60/86 MP: 9/9
  7360 | D:8      | Got a faintly glowing hunting sling
  7443 | D:8      | Reached *** piety under Okawaru
  7477 | D:8      | Found a stormy altar of Qazlal.
  8380 | D:9      | Found a sparkling altar of Nemelex Xobeh.
  8415 | D:9      | Found a stormy altar of Qazlal.
  8479 | D:9      | Reached skill level 11 in Long Blades
  8552 | D:9      | Found a runed translucent door.
  8554 | D:9      | Noticed harness's ghost (novice TeMo)
  8627 | D:9      | Noticed Grum
  8635 | D:9      | Killed Grum
  8708 | D:9      | Reached skill level 10 in Shields
  8812 | D:9      | Found a deep blue altar of Sif Muna.
  9062 | D:9      | Found a bloodstained altar of Trog.
  9067 | D:9      | Noticed Joseph
  9081 | D:9      | Killed Joseph
  9081 | D:9      | Reached **** piety under Okawaru
  9181 | D:9      | Reached XP level 11. HP: 50/95 MP: 10/10
  9544 | D:10     | Entered Level 10 of the Dungeon
  9561 | D:10     | Found a shimmering altar of Xom.
  9835 | D:10     | Identified the +5 hunting sling "Newtslayer" {velocity,
                  | Str+2 Dex+2} (You found it on level 8 of the Dungeon)
  9922 | D:10     | Reached skill level 12 in Long Blades
 10019 | D:10     | Found a staircase to the Lair.
 10058 | D:10     | Reached skill level 5 in Dodging
 10073 | D:10     | Reached ***** piety under Okawaru
 10081 | D:10     | Reached skill level 10 in Armour
 10195 | D:10     | Found Hotya's Food Shoppe.
 10267 | D:10     | Received a gift from Okawaru
 10316 | D:10     | Reached skill level 1 in Slings
 10706 | D:10     | Killed an unseen horror
 11984 | D:9      | Killed harness's ghost
 12258 | Lair:1   | Entered Level 1 of the Lair of Beasts
 12294 | Lair:1   | Reached skill level 13 in Long Blades
 13368 | Lair:2   | Reached XP level 12. HP: 62/106 MP: 11/11
 13846 | Lair:2   | Found a runed translucent gate.
 13865 | Lair:2   | Found a runed translucent gate.
 14017 | Lair:2   | Noticed Xudgha's ghost (journeyman MiFi)
 14018 | Lair:2   | Found a runed translucent gate.
 14019 | Lair:2   | Found a viscous altar of Jiyva.
 14103 | Lair:2   | Received a gift from Okawaru
 14108 | Lair:2   | Reached skill level 10 in Fighting
 14112 | Lair:2   | Got a warped scimitar {god gift}
 14114 | Lair:2   | Identified the +1 scimitar of the Fray {pain, rN+} (Okawaru
                  | gifted it to you on level 2 of the Lair of Beasts)
 14140 | Lair:2   | Noticed a four-headed hydra
 14153 | Lair:2   | Killed a four-headed hydra
 14215 | Lair:2   | Reached skill level 1 in Invocations
 14388 | Lair:2   | Reached skill level 1 in Evocations
 14684 | Lair:3   | Noticed a catoblepas
 14684 | Lair:3   | Noticed a death yak
 14684 | Lair:3   | Noticed a death yak
 14684 | Lair:3   | Noticed a death yak
 14684 | Lair:3   | Noticed a death yak
 14684 | Lair:3   | Noticed a death yak
 14685 | Lair:3   | Noticed a death yak
 14685 | Lair:3   | Noticed a death yak
 14695 | Lair:3   | HP: 4/106 [death yak (8)]
 14695 | Lair:3   | Slain by a death yak

Skill      XL: |  1  2  3  4  5  6  7  8  9 10 11 12 |
---------------+-------------------------------------+-----
Armour         | 4 5 6 7 8 9 11 | 11.5
Shields        | 4 5 6 7 8 10 11 12 | 12.0
Fighting       | 4 5 6 7 8 9 10 | 10.1
Long Blades    | 3 4 6 8 10 11 13 | 13.4
Dodging        | 1 2 3 4 5 |  5.6
Stealth        | 1 2 |  2.0
Slings         | 1 |  1.0
Invocations    | 1 |  1.0
Evocations     | 1 |  1.2
Maces & Flails | |  0.1

Action                   |  1- 3 |  4- 6 |  7- 9 | 10-12 || total
-------------------------+-------+-------+-------+-------++-------
Melee: Long sword        |    77 |   130 |   370 |   425 ||  1002
       Headbutt          |    11 |    22 |    84 |   149 ||   266
       Demon blade       |       |       |       |   216 ||   216
       Whip              |       |       |       |     8 ||     8
 Fire: Hunting sling     |       |       |       |     7 ||     7
Invok: Heroism           |       |       |       |     3 ||     3
Evoke: Wand              |       |       |       |    12 ||    12
  Use: Scroll            |       |     4 |     6 |     4 ||    14
       Potion            |       |       |       |     1 ||     1
  Eat: Chunk             |       |     6 |     5 |    20 ||    31
       Ration            |       |       |     2 |     2 ||     4
Armor: Scale mail        |    17 |    57 |    56 |       ||   130
       Chain mail        |       |       |    28 |   291 ||   319
Dodge: Dodged            |    21 |    50 |   108 |   249 ||   428
Block: Shield            |    30 |    99 |   158 |   397 ||   684
       Rpst.: Long sword |     6 |    17 |    37 |    46 ||   106
       Demon blade       |       |       |       |    20 ||    20
